 Dungeon Crawl Stone Soup version 0.22-a0-460-g49b1da7 (webtiles) character file.

7 emperorscorpion the Ruffian (level 1, -2/16 HPs)
             Began as a Draconian Transmuter on June 9, 2018.
             Slain by a rat (3 damage)
             ... on level 1 of the Dungeon.
             The game lasted 00:00:29 (195 turns).

emperorscorpion the Ruffian (Draconian Transmuter)   Turns: 195, Time: 00:00:30

Health: -2/16      AC:  4    Str: 12    XL:     1   Next: 83%
Magic:  3/3        EV: 12    Int: 13    God:
Gold:   8          SH:  0    Dex: 11    Spells: 3/4 levels left

rFire    . . .     SeeInvis .     - Unarmed
rCold    . . .     Gourm    .   (no shield)
rNeg     . . .     Faith    .   (armour unavailable)
rPois    .         Spirit   .   (helmet restricted)
rElec    .         Reflect  .   (no cloak)
rCorr    .         Harm     .   (no gloves)
MR       .....                  (no boots)
Stlth    +.........             (no amulet)
HPRegen  0.05/turn              (no ring)
MPRegen  0.08/turn              (no ring)

@: no status effects
A: unfitting armour, cold-blooded, AC +4
a: no special abilities


You were on level 1 of the Dungeon.
You were not hungry.

You visited 1 branch of the dungeon, and saw 1 of its levels.

You collected 8 gold pieces.

Inventory:

Missiles
 a - 12 arrows
 f - 15 stones (quivered)
Scrolls
 d - a scroll of magic mapping {unknown}
Potions
 e - a potion of flight {unknown}
Comestibles
 b - 3 chunks of flesh
 c - a ration


   Skills:
 + Level 1.1 Fighting
 + Level 1.8 Dodging
 + Level 3.3 Unarmed Combat
 + Level 2.0 Spellcasting
 + Level 2.1 Transmutations


You had 3 spell levels left.
You knew the following spells:

 Your Spells              Type           Power        Failure   Level  Hunger
a - Beastly Appendage     Tmut           #.....       11%         1    ##.....

Your spell library contained the following spells:

 Spells                   Type           Power        Failure   Level  Hunger
 Spider Form              Tmut/Pois      #.........   43%         3    ####...
 Blade Hands              Tmut           #.........   96%         5    ######.
 Ice Form                 Ice/Tmut       #.......     85%         4    #####..
 Sticks to Snakes         Tmut           #.......     16%         2    ###....


Dungeon Overview and Level Annotations

Branches:
Dungeon (1/15)

Altars:


Innate Abilities, Weirdness & Mutations

Your plain brown scales are hard. (AC +4)
You cannot fit into any form of body armour.
You are cold-blooded and may be slowed by cold attacks.


Message History

The bat hits you but does no damage. The bat hits you but does no damage.
The bat hits you but does no damage. The bat completely misses you.
The bat barely misses you.
You closely miss the bat. The bat hits you but does no damage. x2
The frilled lizard barely misses you.
You hit the kobold.
The kobold is severely wounded.
The frilled lizard barely misses you. The kobold barely misses you.
You closely miss the kobold.
You kill the kobold!
The bat hits you but does no damage. The rat closely misses you.
The frilled lizard bites you.
* * * LOW HITPOINT WARNING * * *
You barely miss the bat. The bat closely misses you. The rat bites you.
* * * LOW HITPOINT WARNING * * *
The frilled lizard bites you but does no damage.
The bat misses you. The rat bites you.
You die...

#######.# #..#...#
#....... #.......#
####...# #.#.#..
#......### #####
#.....# #........#
#.#.#.# #......#..#
######.....#
##.........#
#...##.....# #
.......#.#.#
####...##...)####.#
##.........#
#..b...$.........>#
#.....#.#.#
#r@.......)..#.####
#...........
#.l.........##..#
#.######...)
#####....######.#
#...# ### #....# #.#
#...# #....# #.#
##...# #.# #....#
#.# .....# #.#
#....# #.# .....#
#.# #....# #.#
.....#
#.################.#


You could see a bat, a frilled lizard and a rat.

Vanquished Creatures
  A ball python (D:1)
  A goblin (D:1)
  A hobgoblin (D:1)
  A frilled lizard (D:1)
  A kobold (D:1)
  2 rats (D:1)
7 creatures vanquished.

Notes
Turn   | Place    | Note
-------+----------+-------------------------------------------
     0 | D:1      | emperorscorpion the Draconian Transmuter began the quest for the Orb.
     0 | D:1      | Reached XP level 1. HP: 16/16 MP: 3/3
   195 | D:1      | Slain by a rat

Vault maps used:
D:1:      evilmike_arrival_fibonacci_small, serial_co_window_serial,
          co_window_paths_a, co_window_paths_a, co_window_corner_a,
          co_window_of_opportunity_a, co_window_of_opportunity_a,
          co_window_paths_c, co_window_2corner, co_window_of_opportunity_b,
          co_window_cross_4, co_window_corner_b, co_window_4corner_a,
          glass_columns_a, glass_columns_a, glass_columns_c, glass_columns_a

Action                   || total
-------------------------++-------
Melee: Unarmed           ||    22
       Tailslap          ||     2
       Punch             ||     2
Armor: Skin              ||    12
Dodge: Dodged            ||    29

Table legend:
 A = Spawn XP
 B = Non-spawn XP
 C = Spawn XP percentage of total XP
 D = Spawn monster count
 E = Non-spawn monster count
 F = Spawn count percentage of total count
 G = Total turns spent on level
                    A         B        C        D         E        F      G
               +---------+---------+-------+---------+---------+-------+---------
         Total |       0 |      10 |   0.0 |       0 |       7 |   0.0 |   195
               +---------+---------+-------+---------+---------+-------+---------
           D:1 |       0 |      10 |   0.0 |       0 |       7 |   0.0 |   195
               +---------+---------+-------+---------+---------+-------+---------
